 Dungeon Crawl Stone Soup version 0.31.0-11-ge490571c62 (webtiles) character file.

Game seed: 8154663797016671319

71861 qw the Markself (level 14, -2/86 HPs)
             Began as a Deep Elf Hunter on Feb 3, 2024.
             Was an Elder of Okawaru.
             Slain by a death yak (4 damage)
             ... on level 4 of the Lair of Beasts.
             The game lasted 00:02:53 (12937 turns).

qw the Markself (Deep Elf Hunter)                  Turns: 12937, Time: 00:02:54

Health: -2/86      AC: 11    Str: 12    XL:     14   Next: 99%
Magic:  24/24      EV: 26    Int: 21    God:    Okawaru [****..]
Gold:   631        SH:  0    Dex: 18    Spells: 13/13 levels left

rFire   . . .        h - +6 arbalest (heavy)
rCold   . . .        (shield currently unavailable)
rNeg    . . .        g - +3 leather armour {rPois}
rPois   +            e - +2 helmet
rElec   .            (no cloak)
rCorr   .            f - +1 pair of gloves
SInv    .            (no boots)
Will    +++..        t - amulet of Palays {Will+ Regen+ Int+5}
Stlth   ++           j - +5 ring of evasion
HPRegen 1.14/turn    d - ring of willpower
MPRegen 0.19/turn

%: no passive effects
@: lethally poisoned (-2 -> -3), about to teleport
A: no striking features
a: Renounce Religion, Heroism, Finesse


You were on level 4 of the Lair of Beasts.
You worshipped Okawaru.
Okawaru was greatly pleased with you.
You visited 3 branches of the dungeon, and saw 16 of its levels.
You also visited: Gauntlet.

You collected 839 gold pieces.
You spent 208 gold pieces at shops.


   Skills:
 + Level 9.5 Fighting
 - Level 18.0 Ranged Weapons
 - Level 4.3 Armour
 - Level 15.2 Dodging
 - Level 1.2 Stealth
 - Level 10.7 Invocations


You had 13 spell levels left.
You didn't know any spells.
Your spell library was empty.

Inventory:

Hand Weapons
 h - a +6 heavy arbalest (weapon)
Armour
 e - a +2 helmet (worn)
 f - a +1 pair of gloves (worn)
 g - a +3 leather armour of poison resistance (worn)
 u - a +2 leather armour of cold resistance
 w - a +0 troll leather armour
Jewellery
 d - a ring of willpower (right hand)
 j - a +5 ring of evasion (left hand)
 l - a ring of ice
 t - the amulet of Palays (around neck) {Will+ Regen+ Int+5}
   (You took it off a minotaur in a Gauntlet)

   [amulet of regeneration]

   Int+5:     It affects your intelligence (+5).
   Will+:     It increases your willpower.
   Regen+:    It increases your rate of health regeneration.
 x - a +6 ring of strength
Wands
 n - a wand of light (5)
 o - a wand of polymorph (14)
 p - a wand of paralysis (41)
 v - a wand of iceblast (5)
Scrolls
 m - a scroll of identify
Potions
 b - a potion of haste
 c - 3 potions of cancellation
 i - 7 potions of curing
 k - a potion of enlightenment
 q - a potion of might
 r - 2 potions of magic
 s - a potion of mutation

Dungeon Overview and Level Annotations

Branches:
Dungeon (11/15)            Temple (1/1) D:5            Lair (4/5) D:11
 Shoals (0/4) Lair:2       Spider (0/4) Lair:3          Orc (0/2) D:11
Gauntlet (visited)
  Slime: Lair:4-5

Altars:
Ashenzari
Cheibriados
Dithmenos
Elyvilon
Fedhas
Gozag
Hepliaklqana
Kikubaaqudgha
Makhleb
Nemelex Xobeh
Okawaru
Qazlal
Ru
Sif Muna
Trog
Uskayaw
Vehumet
Wu Jian
Xom
Yredelemnul
Zin
The Shining One

Shops:
D:10 *   D:11 (

Annotations:
D:9 2 transporters, qw's ghost, journeyman DEHu
D:11 1 runed translucent door, qw's ghost, journeyman SpHu


Message History

The death yak barely misses you.
The death yak gores the plant.
The death yak completely misses you.
You shoot a bolt. The death yak bellows!
The bolt hits the death yak.
You kill the death yak!
Okawaru accepts your kill. The death yak completely misses you.
A yak comes into view.
You shoot a bolt. The bolt hits the death yak!!!
The death yak is heavily wounded.
A nearby plant withers and dies.
The water moccasin misses you. The death yak completely misses you.
You shoot a bolt. The bolt hits the death yak!!
The death yak is almost dead.
The water moccasin completely misses you.
The death yak gores you! The water moccasin bites you. The death yak gores you.
You shoot a bolt. The bolt hits the death yak!
You kill the death yak!
Okawaru accepts your kill. The water moccasin misses you.
The water moccasin completely misses you.
The death yak gores you but does no damage.
The water moccasin bites you.
You are poisoned.
The water moccasin poisons you!
You shoot a bolt. The bolt hits the death yak!!!
The death yak is heavily wounded.
You feel very sick.
The water moccasin completely misses you.
The death yak gores you.
You shoot a bolt. The bolt hits the death yak!!
The death yak is almost dead.
You feel very sick. The death yak gores you!! The death yak closely misses you.
12937 ||| READING scroll of teleportation.
As you read the scroll of teleportation, it crumbles to dust.
You feel strangely unstable.
You feel sick. The death yak closely misses you. The death yak gores you.
You die...

#.# ... #.. #.## # #.P# # ##
#..## # ##.+#########...## ####
.#........##Y#..#.### ###.#.
#.........'SYY@....#P#####...#.
#..........FY##P.......)...+..%
#.#......##.###PP####^.#.##...
#.......F.Y###..P# ######...#
##........## #..## ##...
####........## #..# #....
#......##S+## ##.# #.#...
#......Y...# #.. ####.#
........#.P# ##. #### ##.


You could see 3 death yaks, a yak, a water moccasin and a bullfrog.

Vanquished Creatures
  A minotaur (Gauntlet)
  Fannar (Lair:3)
  A hydra (Lair:1)
  3 two-headed ogres
  2 death yaks (Lair:4)
  Sonja (Lair:1)
  A wretched star (Gauntlet)
  An arcanist (Gauntlet)
  Pikel (D:5)
  A manticore (D:11)
  6 elephants (Lair:1)
  3 black mambas
  3 cane toads
  A torpor snail (Gauntlet)
  An unseen horror (D:11)
  Jeremiah (Lair:1)
  2 rime drakes (Lair:1)
  7 komodo dragons
  2 polar bears
  2 trolls
  A hornet (D:8)
  4 blink frogs (Lair:1)
  Sigmund (D:2)
  2 shadows (D:10)
  2 wraiths
  4 wyverns
  A basilisk (Lair:3)
  20 yaks
  Eustachio (D:5)
  2 steam dragons
  A warg (D:11)
  Menkaure (D:6)
  A small abomination (Gauntlet)
  2 vampire mosquitoes (D:10)
  An acid dragon (D:10)
  7 water moccasins
  2 ice beasts (D:8)
  A sky beast (D:7)
  2 black bears
  4 orc warriors (D:11)
  An ogre (D:5)
  A wolf (Lair:1)
  2 crocodiles (D:9)
  5 centaurs
  A phantom (D:6)
  A kobold brigand (D:10)
  13 bullfrogs
  2 scorpions
  11 wights
  15 killer bees
  2 howler monkeys
  4 bombardier beetles
  3 jellies
  A quasit (D:4)
  2 hounds
  A gnoll bouda (D:6)
  6 orc priests
  Natasha (thrice) (D:2)
  5 iguanas
  15 orc wizards
  2 hell rats (Lair:1)
  6 gnolls
  6 adders
  7 shadow imps
  5 white imps
  2 ufetubi (D:4)
  2 dart slugs (D:4)
  A ribbon worm (D:2)
  40 orcs
  3 ball pythons
  4 bats
  10 endoplasms
  A giant cockroach (D:2)
  9 goblins
  6 hobgoblins
  12 jackals
  13 kobolds
  3 quokkas
  9 frilled lizards
  4 rats
340 creatures vanquished.

Vanquished Creatures (others)
  An occultist (Gauntlet)
  A neqoxec (Gauntlet)
2 creatures vanquished.

Grand Total: 342 creatures vanquished

Notes
Turn   | Place    | Note
-------+----------+-------------------------------------------
     0 | D:1      | qw the Deep Elf Hunter began the quest for the Orb.
     0 | D:1      | Reached XP level 1. HP: 12/12 MP: 3/3
     0 | D:1      | 0 ||| qw: Version: 0.3-a-155-g5e7d8dd
     0 | D:1      | 0 ||| qw: Game counter: 3431
     0 | D:1      | 0 ||| qw: Melee chars always use a shield: true
     0 | D:1      | 0 ||| qw: God list: Okawaru
     0 | D:1      | 0 ||| qw: Allow faded altars: false
     0 | D:1      | 0 ||| qw: Do Orc after clearing Dungeon:15 true
     0 | D:1      | 0 ||| qw: Do second Lair branch before Depths: true
     0 | D:1      | 0 ||| qw: Lair rune preference: random
     0 | D:1      | 0 ||| qw: Goals: Normal
     0 | D:1      | 0 ||| PLANNING D:1-11
    53 | D:1      | 53 ||| RETREEEEATING.
    63 | D:1      | HP: 2/12 [jackal (3)]
    73 | D:1      | Reached XP level 2. HP: 3/16 MP: 4/4
   143 | D:1      | Reached skill level 6 in Ranged Weapons
   720 | D:1      | Reached XP level 3. HP: 20/20 MP: 5/5
   841 | D:1      | 841 ||| UPGRADING to amulet of guardian spirit.
   846 | D:1      | 846 ||| UPGRADING to +5 ring of evasion.
   847 | D:1      | 847 ||| READING 3 scrolls labelled GITHAM KUKK.
   847 | D:1      | 847 ||| IDENTIFYING ruby potion
   848 | D:1      | 848 ||| READING 2 scrolls of identify.
   848 | D:1      | 848 ||| IDENTIFYING 2 green potions
   849 | D:1      | 849 ||| READING scroll of identify.
   849 | D:1      | 849 ||| IDENTIFYING scroll labelled TALUZX FYDGHAD
   850 | D:1      | 850 ||| READING scroll labelled BAEMET BEBAZO.
   851 | D:1      | 851 ||| READING scroll labelled LEUVIURGHO EMAI.
   852 | D:1      | 852 ||| DROPPING scroll of butterflies.
   853 | D:1      | 853 ||| DROPPING scroll of silence.
   854 | D:1      | 854 ||| DROPPING potion of attraction.
   856 | D:1      | 856 ||| Stepping ~*~*~tactically~*~*~ (cloud).
   997 | D:2      | Found a radiant altar of Vehumet.
  1017 | D:2      | Reached skill level 7 in Ranged Weapons
  1206 | D:2      | Noticed Natasha
  1211 | D:2      | Killed Natasha
  1212 | D:2      | Reached XP level 4. HP: 25/25 MP: 6/6
  1408 | D:2      | Noticed Natasha
  1410 | D:2      | 1410 ||| FLEEEEING.
  1411 | D:2      | 1411 ||| FLEEEEING.
  1412 | D:2      | 1412 ||| FLEEEEING.
  1413 | D:2      | 1413 ||| FLEEEEING.
  1414 | D:2      | 1414 ||| FLEEEEING.
  1415 | D:2      | 1415 ||| FLEEEEING.
  1416 | D:2      | 1416 ||| FLEEEEING.
  1417 | D:2      | 1417 ||| FLEEEEING.
  1418 | D:2      | 1418 ||| FLEEEEING.
  1419 | D:2      | 1419 ||| FLEEEEING.
  1420 | D:2      | 1420 ||| FLEEEEING.
  1421 | D:2      | 1421 ||| FLEEEEING.
  1422 | D:2      | 1422 ||| FLEEEEING.
  1423 | D:2      | 1423 ||| FLEEEEING.
  1424 | D:2      | 1424 ||| FLEEEEING.
  1425 | D:2      | 1425 ||| FLEEEEING.
  1426 | D:2      | 1426 ||| FLEEEEING.
  1427 | D:2      | 1427 ||| FLEEEEING.
  1439 | D:2      | HP: 5/25 [Natasha (5)]
  1443 | D:2      | Killed Natasha
  1444 | D:2      | Reached skill level 8 in Ranged Weapons
  1480 | D:2      | Noticed Natasha
  1481 | D:2      | 1481 ||| FLEEEEING.
  1482 | D:2      | 1482 ||| FLEEEEING.
  1483 | D:2      | 1483 ||| FLEEEEING.
  1484 | D:2      | 1484 ||| FLEEEEING.
  1486 | D:2      | 1486 ||| FLEEEEING.
  1499 | D:2      | Killed Natasha
  1500 | D:2      | Reached XP level 5. HP: 10/29 MP: 3/7
  1593 | D:2      | Noticed Sigmund
  1596 | D:2      | 1596 ||| DRINKING 2 potions of curing.
  1596 | D:2      | 1596 ||| (to cure confusion)
  1603 | D:2      | Killed Sigmund
  1604 | D:2      | Reached skill level 9 in Ranged Weapons
  1604 | D:2      | Reached XP level 6. HP: 17/34 MP: 4/8
  1604 | D:2      | 1604 ||| FLEEEEING.
  1605 | D:2      | 1605 ||| FLEEEEING.
  1606 | D:2      | 1606 ||| FLEEEEING.
  1607 | D:2      | 1607 ||| FLEEEEING.
  1766 | D:2      | 1766 ||| UPGRADING to +0 ring mail.
  1776 | D:2      | 1776 ||| DROPPING +0 leather armour.
  1777 | D:2      | 1777 ||| READING scroll labelled QAEGAK LEUBA.
  1796 | D:3      | 1796 ||| STAIRDANCE
  1806 | D:3      | 1806 ||| STAIRDANCE
  2204 | D:3      | 2204 ||| UPGRADING to ring of resist corrosion.
  2205 | D:3      | 2205 ||| READING 2 scrolls of identify.
  2205 | D:3      | 2205 ||| IDENTIFYING bubbling red potion
  2206 | D:3      | 2206 ||| READING scroll of identify.
  2206 | D:3      | 2206 ||| IDENTIFYING bubbling sapphire potion
  2207 | D:3      | 2207 ||| READING scroll labelled IFFEEXTUFAOPH.
  2208 | D:3      | 2208 ||| DROPPING potion of brilliance.
  2233 | D:4      | Reached skill level 10 in Ranged Weapons
  2242 | D:4      | 2242 ||| FLEEEEING.
  2244 | D:4      | 2244 ||| FLEEEEING.
  2245 | D:4      | 2245 ||| FLEEEEING.
  2246 | D:4      | 2246 ||| FLEEEEING.
  2247 | D:4      | 2247 ||| FLEEEEING.
  2248 | D:4      | 2248 ||| FLEEEEING.
  2249 | D:4      | 2249 ||| FLEEEEING.
  2251 | D:4      | 2251 ||| FLEEEEING.
  2253 | D:4      | 2253 ||| FLEEEEING.
  2254 | D:4      | 2254 ||| FLEEEEING.
  2256 | D:4      | 2256 ||| STAIRDANCE
  2272 | D:3      | 2272 ||| UPGRADING to ring of willpower.
  2281 | D:4      | Reached skill level 3 in Dodging
  2811 | D:4      | Reached skill level 11 in Ranged Weapons
  2811 | D:4      | Reached XP level 7. HP: 19/40 MP: 5/9
  2964 | D:4      | 2964 ||| READING scroll of identify.
  2964 | D:4      | 2964 ||| IDENTIFYING purple potion
  2965 | D:4      | 2965 ||| READING scroll labelled IDEEJAISTE.
  2965 | D:4      | Identified a scroll of acquirement
  2965 | D:4      | 2965 ||| ACQUIRING +4 heavy arbalest
  2965 | D:4      | Acquired a +4 heavy arbalest
  2967 | D:4      | 2967 ||| SWAPPING to +4 heavy arbalest.
  2968 | D:4      | 2968 ||| DROPPING +0 shortbow.
  2969 | D:4      | 2969 ||| READING scroll labelled DIQIGU YGHORODGH.
  2970 | D:4      | 2970 ||| DRINKING 2 amethyst potions.
  2971 | D:4      | 2971 ||| DROPPING potion of degeneration.
  2972 | D:4      | 2972 ||| DROPPING potion of lignification.
  3010 | D:5      | Entered Level 5 of the Dungeon
  3118 | D:5      | Reached skill level 1 in Armour
  3253 | D:5      | Identified the +0 chain mail "Ruumiach" {rN+ rCorr Str+3}
  3356 | D:5      | Found a staircase to the Ecumenical Temple.
  3357 | D:5      | 3357 ||| PLANNING TEMPLE
  3357 | D:5      | 3357 ||| UPGRADING to +0 pair of gloves.
  3370 | Temple   | Entered the Ecumenical Temple
  3371 | Temple   | 3371 ||| PLANNING D:1-11
  3497 | D:5      | Noticed a troll
  3499 | D:5      | 3499 ||| RETREEEEATING.
  3501 | D:5      | 3501 ||| RETREEEEATING.
  3502 | D:5      | 3502 ||| RETREEEEATING.
  3503 | D:5      | 3503 ||| RETREEEEATING.
  3504 | D:5      | 3504 ||| RETREEEEATING.
  3509 | D:5      | Killed a troll
  3510 | D:5      | Reached skill level 12 in Ranged Weapons
  3510 | D:5      | Reached XP level 8. HP: 16/44 MP: 5/10
  3686 | D:5      | Reached skill level 3 in Fighting
  3713 | D:5      | Found a shimmering blue altar of Sif Muna.
  3754 | D:5      | 3754 ||| READING scroll of identify.
  3754 | D:5      | 3754 ||| IDENTIFYING fuming silvery potion
  3755 | D:5      | 3755 ||| READING scroll labelled QEULEY TIMIHUL.
  3755 | D:5      | 3755 ||| ENCHANTING +4 heavy arbalest.
  3756 | D:5      | 3756 ||| DROPPING potion of magic.
  3800 | D:6      | Noticed Eustachio
  3805 | D:6      | Noticed Pikel
  3806 | D:6      | 3806 ||| RETREEEEATING.
  3807 | D:6      | 3807 ||| RETREEEEATING.
  3808 | D:6      | 3808 ||| STAIRDANCE
  3810 | D:5      | Killed Eustachio
  3811 | D:5      | Reached skill level 13 in Ranged Weapons
  3885 | D:5      | 3885 ||| UPGRADING to +3 leather armour of poison
                  | resistance.
  3895 | D:5      | 3895 ||| DROPPING +0 ring mail.
  3896 | D:5      | 3896 ||| READING scroll labelled YQALAULLEI.
  3900 | D:6      | 3900 ||| STAIRDANCE
  3906 | D:5      | Killed Pikel
  3907 | D:5      | Reached skill level 6 in Dodging
  4132 | D:6      | Reached XP level 9. HP: 51/51 MP: 11/11
  4288 | D:6      | Reached skill level 14 in Ranged Weapons
  4338 | D:6      | Noticed Menkaure
  4340 | D:6      | Killed Menkaure
  4693 | D:6      | 4693 ||| UPGRADING to +1 helmet.
  4714 | D:7      | Reached skill level 15 in Ranged Weapons
  4759 | D:7      | 4759 ||| FLEEEEING.
  4760 | D:7      | 4760 ||| FLEEEEING.
  4761 | D:7      | 4761 ||| FLEEEEING.
  4764 | D:7      | 4764 ||| STAIRDANCE
  4887 | D:7      | Found a radiant altar of Vehumet.
  4914 | D:7      | Found an opulent altar of Gozag.
  4946 | D:7      | 4946 ||| FLEEEEING.
  4947 | D:7      | 4947 ||| FLEEEEING.
  4950 | D:7      | 4950 ||| FLEEEEING.
  4951 | D:7      | 4951 ||| FLEEEEING.
  5016 | D:7      | Reached skill level 16 in Ranged Weapons
  5399 | D:8      | Reached XP level 10. HP: 56/56 MP: 12/12
  5515 | D:8      | Reached skill level 17 in Ranged Weapons
  5691 | D:8      | Found a sparkling altar of Nemelex Xobeh.
  5695 | D:8      | Found a hazy altar of Hepliaklqana.
  5702 | D:8      | Found an iron altar of Okawaru.
  5703 | D:8      | 5703 ||| PLANNING OKAWARU WORSHIP
  5707 | D:8      | Became a worshipper of Warmaster Okawaru
  5708 | D:8      | 5708 ||| PLANNING D:1-11
  5708 | D:8      | 5708 ||| REMOVING amulet of guardian spirit.
  5957 | D:9      | 5957 ||| STAIRDANCE
  5962 | D:9      | 5962 ||| STAIRDANCE
  6097 | D:9      | Reached * piety under Okawaru
  6137 | D:9      | Reached skill level 18 in Ranged Weapons
  6137 | D:9      | Reached skill level 1 in Invocations
  6138 | D:9      | Found a broken altar of Ashenzari.
  6139 | D:9      | Found a transporter.
  6208 | D:9      | Noticed a two-headed ogre
  6209 | D:9      | 6209 ||| INVOKING Heroism.
  6211 | D:9      | Killed a two-headed ogre
  6534 | D:9      | Found a transporter.
  6535 | D:9      | Noticed qw's ghost (journeyman DEHu)
  6594 | D:9      | Reached skill level 3 in Invocations
  7129 | D:9      | 7129 ||| DRINKING 2 glowing green potions.
  7130 | D:9      | 7130 ||| DRINKING 2 bubbling puce potions.
  7161 | D:10     | Entered Level 10 of the Dungeon
  7168 | D:10     | Found a shadowy altar of Dithmenos.
  7195 | D:10     | 7195 ||| RETREEEEATING.
  7328 | D:10     | Reached ** piety under Okawaru
  7330 | D:10     | Found a snail-covered altar of Cheibriados.
  7374 | D:10     | Reached XP level 11. HP: 60/63 MP: 16/16
  7399 | D:10     | Found Jogemn's Assorted Antiques.
  7404 | D:10     | 7404 ||| BUYING potion of magic (208 gold).
  7404 | D:10     | Bought a potion of magic for 208 gold pieces
  7457 | D:10     | Found a blossoming altar of Fedhas.
  7545 | D:10     | 7545 ||| READING scroll of identify.
  7545 | D:10     | 7545 ||| IDENTIFYING blue potion
  7546 | D:10     | 7546 ||| DROPPING potion of berserk rage.
  7548 | D:10     | Reached skill level 9 in Dodging
  7967 | D:10     | 7967 ||| READING scroll of identify.
  7967 | D:10     | 7967 ||| IDENTIFYING clear potion
  8020 | D:11     | Reached skill level 6 in Fighting
  8022 | D:11     | HP: 14/64 [something/puff of flame (10)]
  8024 | D:11     | 8024 ||| DRINKING 2 potions of heal wounds.
  8112 | D:11     | Found a staircase to the Orcish Mines.
  8146 | D:11     | Noticed a two-headed ogre
  8147 | D:11     | 8147 ||| INVOKING Heroism.
  8151 | D:11     | Killed a two-headed ogre
  8167 | D:11     | 8167 ||| Stepping randomly (disturbance).
  8168 | D:11     | 8168 ||| Stepping randomly (disturbance).
  8178 | D:11     | 8178 ||| Stepping randomly (disturbance).
  8179 | D:11     | 8179 ||| Stepping randomly (disturbance).
  8180 | D:11     | 8180 ||| Stepping randomly (disturbance).
  8186 | D:11     | 8186 ||| Stepping randomly (disturbance).
  8187 | D:11     | Reached *** piety under Okawaru
  8278 | D:11     | Found Zapaated's Weapon Shop.
  8312 | D:11     | Noticed a two-headed ogre
  8313 | D:11     | 8313 ||| INVOKING Heroism.
  8314 | D:11     | Killed a two-headed ogre
  8412 | D:11     | Found a staircase to the Lair.
  8445 | D:11     | Found a runed translucent door.
  8454 | D:11     | Identified the +7 trident of Action {freeze, rF+}
  8455 | D:11     | Noticed a spriggan rider
  8455 | D:11     | Noticed qw's ghost (journeyman SpHu)
  8820 | D:11     | 8820 ||| PLANNING LAIR
  8820 | D:11     | 8820 ||| READING scroll of identify.
  8820 | D:11     | 8820 ||| IDENTIFYING scroll labelled KALOTU CESAL
  8821 | D:11     | 8821 ||| READING scroll labelled POEPSAENEZ.
  8822 | D:11     | 8822 ||| DROPPING scroll of amnesia.
  8849 | Lair:1   | Entered Level 1 of the Lair of Beasts
  8893 | Lair:1   | 8893 ||| RETREEEEATING.
  8894 | Lair:1   | 8894 ||| RETREEEEATING.
  8896 | Lair:1   | 8896 ||| RETREEEEATING.
  8897 | Lair:1   | 8897 ||| RETREEEEATING.
  8898 | Lair:1   | 8898 ||| RETREEEEATING.
  8899 | Lair:1   | 8899 ||| RETREEEEATING.
  8900 | Lair:1   | 8900 ||| RETREEEEATING.
  8911 | Lair:1   | 8911 ||| INVOKING Heroism.
  8969 | Lair:1   | Noticed Jeremiah
  8983 | Lair:1   | Killed Jeremiah
  8983 | Lair:1   | Reached **** piety under Okawaru
  9078 | Lair:1   | Noticed Sonja
  9079 | Lair:1   | 9079 ||| INVOKING Finesse.
  9082 | Lair:1   | Killed Sonja
  9187 | Lair:1   | Reached XP level 12. HP: 59/73 MP: 17/17
  9289 | Lair:1   | 9289 ||| READING scroll of enchant weapon.
  9289 | Lair:1   | 9289 ||| ENCHANTING +5 heavy arbalest.
  9299 | Lair:1   | You fall into a shaft and drop 1 floor!
  9360 | Lair:2   | 9360 ||| READING 2 scrolls labelled KILISA MIXE.
  9461 | Lair:2   | 9461 ||| READING scroll labelled CIDGHA DAIROAPS.
  9571 | Lair:2   | 9571 ||| DROPPING scroll of vulnerability.
  9897 | Lair:1   | Reached skill level 6 in Invocations
  9898 | Lair:1   | Reached ***** piety under Okawaru
  9899 | Lair:1   | Reached skill level 12 in Dodging
 10056 | Lair:1   | HP: 12/75 [komodo dragon (23)]
 10057 | Lair:1   | 10057 ||| READING 2 scrolls of teleportation.
 10058 | Lair:1   | 10058 ||| DRINKING potion of heal wounds.
 10272 | Lair:1   | Noticed a four-headed hydra
 10273 | Lair:1   | 10273 ||| INVOKING Finesse.
 10283 | Lair:1   | Killed a four-headed hydra
 10554 | Lair:1   | 10554 ||| READING scroll of identify.
 10554 | Lair:1   | 10554 ||| IDENTIFYING black potion
 11001 | Lair:2   | Found a staircase to the Shoals.
 11202 | Lair:2   | Received a gift from Okawaru
 11384 | Lair:3   | 11384 ||| PLANNING GAUNTLET
 11389 | Lair:3   | Found a hole to the Spider Nest.
 11423 | Lair:3   | Reached skill level 9 in Fighting
 11449 | Lair:3   | Noticed Fannar
 11450 | Lair:3   | 11450 ||| INVOKING Finesse.
 11459 | Lair:3   | Killed Fannar
 11606 | Lair:3   | Found a gate leading to a gauntlet.
 11616 | Gauntlet | Entered a Gauntlet
 11616 | Gauntlet | Found a transporter.
 11616 | Gauntlet | Found a transporter.
 11616 | Gauntlet | Found a transporter.
 11617 | Gauntlet | Found a transporter.
 11620 | Gauntlet | Found a transporter.
 11620 | Gauntlet | Found a transporter.
 11632 | Gauntlet | Found a transporter.
 11634 | Gauntlet | Found a transporter.
 11644 | Gauntlet | Found a transporter.
 11748 | Gauntlet | Found a transporter.
 11750 | Gauntlet | Found a transporter.
 11762 | Gauntlet | Found a transporter.
 11812 | Gauntlet | 11812 ||| RETREEEEATING.
 11813 | Gauntlet | 11813 ||| RETREEEEATING.
 11814 | Gauntlet | 11814 ||| INVOKING Finesse.
 11914 | Gauntlet | 11914 ||| READING scroll labelled TUOSEE HOELEE.
 11914 | Gauntlet | 11914 ||| ENCHANTING +0 pair of gloves.
 11923 | Gauntlet | 11923 ||| RETREEEEATING.
 11923 | Gauntlet | HP: 19/76 [neqoxec collision (22)]
 11924 | Gauntlet | 11924 ||| RETREEEEATING.
 11928 | Gauntlet | Reached skill level 9 in Invocations
 12115 | Gauntlet | 12115 ||| ZAPPING wand of light (9) at 1,-2 (arcanist;
                  | floor).
 12116 | Gauntlet | 12116 ||| ZAPPING wand of light (8) at 0,-2 (arcanist;
                  | floor).
 12117 | Gauntlet | 12117 ||| ZAPPING wand of light (7) at 0,-2 (arcanist;
                  | floor).
 12118 | Gauntlet | 12118 ||| ZAPPING wand of light (6) at 0,-2 (arcanist;
                  | floor).
 12119 | Gauntlet | 12119 ||| INVOKING Finesse.
 12179 | Gauntlet | 12179 ||| DROPPING +6 ring of intelligence.
 12194 | Gauntlet | Identified the +4 lajatang "Vurexkua" {pain, *Rage rCorr
                  | Str+2}
 12194 | Gauntlet | Identified the amulet of Palays {Will+ Regen+ Int+5}
 12194 | Gauntlet | Noticed a minotaur
 12195 | Gauntlet | 12195 ||| INVOKING Finesse.
 12200 | Gauntlet | Killed a minotaur
 12342 | Gauntlet | 12342 ||| DROPPING amulet of guardian spirit.
 12343 | Gauntlet | 12343 ||| UPGRADING to amulet of Palays {Will+ Regen+
                  | Int+5}.
 12348 | Gauntlet | 12348 ||| DROPPING ring of resist corrosion.
 12355 | Lair:3   | 12355 ||| PLANNING LAIR
 12694 | Lair:3   | 12694 ||| UPGRADING to +2 helmet.
 12704 | Lair:3   | 12704 ||| DROPPING +1 helmet.
 12705 | Lair:3   | 12705 ||| DRINKING 2 glowing golden potions.
 12705 | Lair:3   | Reached XP level 13. HP: 80/80 MP: 21/23
 12716 | Lair:3   | 12716 ||| DRINKING potion of experience.
 12716 | Lair:3   | Reached skill level 15 in Dodging
 12716 | Lair:3   | Reached XP level 14. HP: 86/86 MP: 24/24
 12896 | Lair:4   | 12896 ||| RETREEEEATING.
 12898 | Lair:4   | 12898 ||| RETREEEEATING.
 12899 | Lair:4   | 12899 ||| RETREEEEATING.
 12900 | Lair:4   | 12900 ||| RETREEEEATING.
 12902 | Lair:4   | 12902 ||| RETREEEEATING.
 12904 | Lair:4   | 12904 ||| RETREEEEATING.
 12905 | Lair:4   | 12905 ||| RETREEEEATING.
 12906 | Lair:4   | 12906 ||| RETREEEEATING.
 12907 | Lair:4   | 12907 ||| RETREEEEATING.
 12908 | Lair:4   | 12908 ||| RETREEEEATING.
 12909 | Lair:4   | 12909 ||| RETREEEEATING.
 12910 | Lair:4   | 12910 ||| RETREEEEATING.
 12912 | Lair:4   | 12912 ||| RETREEEEATING.
 12913 | Lair:4   | 12913 ||| RETREEEEATING.
 12914 | Lair:4   | 12914 ||| RETREEEEATING.
 12915 | Lair:4   | 12915 ||| RETREEEEATING.
 12916 | Lair:4   | 12916 ||| RETREEEEATING.
 12917 | Lair:4   | 12917 ||| RETREEEEATING.
 12918 | Lair:4   | 12918 ||| RETREEEEATING.
 12919 | Lair:4   | 12919 ||| RETREEEEATING.
 12920 | Lair:4   | 12920 ||| RETREEEEATING.
 12921 | Lair:4   | 12921 ||| RETREEEEATING.
 12922 | Lair:4   | 12922 ||| RETREEEEATING.
 12923 | Lair:4   | 12923 ||| RETREEEEATING.
 12926 | Lair:4   | 12926 ||| RETREEEEATING.
 12928 | Lair:4   | 12928 ||| RETREEEEATING.
 12929 | Lair:4   | 12929 ||| RETREEEEATING.
 12936 | Lair:4   | HP: 3/86 [death yak (25)]
 12937 | Lair:4   | 12937 ||| READING scroll of teleportation.
 12937 | Lair:4   | Slain by a death yak

Levels and vault maps discovered:
D:1:      dpeg_arrival_arbitrary_a, layout_basic, serial_curves, eino_curves_02,
          eino_curves_01, minmay_misc_feat_more_columns
D:2:      layout_basic, basic_altar, uniq_sigmund, uniq_natasha
D:3:      layout_rooms, guppyfry_early_orc_mine
D:4:      layout_basic, serial_demonic, serial_demonic_c, serial_demonic_d,
          serial_demonic_c, serial_demonic_e, minmay_tree_intersection,
          st_stairs_1, kennysheep_small_circle
D:5:      layout_basic, mainiacjoe_overflow_brackets,
          minmay_temple_entry_overgrown, minmay_manual_maat
D:6:      layout_loops_ring, hangedman_glass_teeth, patterned_corridor,
          uniq_eustachio, uniq_pikel, uniq_menkaure
D:7:      layout_cave_pools, lemuel_tele_altar, nicolae_gozag_seed_capital,
          minmay_misc_feat_nine_boxes
D:8:      layout_loops_ring, grunt_temple_overflow_diamond, nicolae_the_louvre
D:9:      layout_basic, ashenzari_conservatory_becter, serial_rivers,
          chequers_serial_rivers_small_b, chequers_serial_rivers_small_b,
          chequers_serial_rivers_room_b, chequers_serial_rivers_small_b,
          chequers_serial_rivers_micro_c, chequers_serial_rivers_marsh,
          gammafunk_ghost_hive, minmay_lizard_king
D:10:     layout_roguey, mainiacjoe_overflow_chevrons, cheibriados_altar_1,
          nicolae_overflow_crystal_walls, serial_shops, shop
D:11:     layout_basic, lair_entry_dummy, erik_orc_4, serial_shops,
          nicolae_shop_waterfront, ebering_ghost_funeral_grove
Temple:   hellmonk_temple_forest_ring
Lair:1:   layout_loops_ring, enter_volcano_1, nzn_random_ring, uniq_jeremiah,
          uniq_sonja
Lair:2:   layout_layer_cave, shoals_dummy_entry, lemuel_fruit_tree,
          infiniplex_staircase_pool_2
Lair:3:   layout_misc_corridors, dummy_spider_entry, gauntlet_entry_generic,
          uniq_fannar
Lair:4:   layout_roguey, serial_bayou_pond_c, beast_lair_carwin_7

Skill      XL: |  1  2  3  4  5  6  7  8  9 10 11 12 13 |
---------------+----------------------------------------+-----
Ranged Weapons | 6 7 8 9 11 12 13 16 18 | 18.0
Fighting       | 2 3 4 5 8 9 |  9.5
Dodging        | 3 6 7 8 11 13 15 | 15.2
Armour         | 1 2 4 |  4.3
Invocations    | 4 5 10 | 10.7
Stealth        | |  1.2

Action                     |  1- 3 |  4- 6 |  7- 9 | 10-12 | 13-15 || total
---------------------------+-------+-------+-------+-------+-------++-------
   Fire: Shortbow          |   111 |   209 |       |       |       ||   320
         Arbalest          |       |       |   152 |   379 |    23 ||   554
 Invoke: Heroism           |       |       |       |     4 |       ||     4
         Finesse           |       |       |       |     6 |       ||     6
  Evoke: Wand              |       |       |       |     4 |       ||     4
    Use: Scroll            |     5 |     4 |     6 |    10 |     1 ||    26
         Potion            |       |     1 |     1 |     5 |     1 ||     8
 Armour: Leather armour    |    26 |    11 |    40 |   116 |    19 ||   212
         Ring mail         |       |    70 |    23 |       |       ||    93
  Dodge: Dodged            |    57 |   136 |    70 |   241 |    28 ||   532

Table legend:
 A = Non-vault XP
 B = Vault XP
 C = Vault XP percentage of total XP
 D = Non-vault monster count
 E = Vault monster count
 F = Vault count percentage of total count
                 A         B        C        D         E       F
            +---------+---------+-------+---------+---------+-------
      Total |   23444 |   16056 |  40.6 |     248 |      93 |  27.3
            +---------+---------+-------+---------+---------+-------
        D:1 |      42 |       0 |   0.0 |      24 |       0 |   0.0
        D:2 |     159 |     262 |  62.2 |      25 |       2 |   7.4
        D:3 |      33 |      17 |  34.0 |      12 |       7 |  36.8
        D:4 |     112 |     234 |  67.6 |       8 |      11 |  57.9
        D:5 |     347 |    1399 |  80.1 |       9 |       8 |  47.1
        D:6 |     804 |     172 |  17.6 |      20 |       1 |   4.8
        D:7 |    1607 |       0 |   0.0 |      25 |       0 |   0.0
        D:8 |    2191 |       0 |   0.0 |      24 |       0 |   0.0
        D:9 |    1995 |     708 |  26.2 |      20 |       8 |  28.6
       D:10 |    1877 |       0 |   0.0 |      23 |       0 |   0.0
       D:11 |    3638 |     608 |  14.3 |      21 |      16 |  43.2
     Lair:1 |    7452 |    5886 |  44.1 |      26 |      21 |  44.7
     Lair:2 |    1205 |       0 |   0.0 |       3 |       0 |   0.0
     Lair:3 |     522 |     878 |  62.7 |       4 |       1 |  20.0
     Lair:4 |    1460 |    1232 |  45.8 |       4 |       2 |  33.3
   Gauntlet |       0 |    4660 | 100.0 |       0 |      16 | 100.0
            +---------+---------+-------+---------+---------+-------
